 Dungeon Crawl Stone Soup version 0.30-a0-760-g5a9884bb7c (webtiles) character file.

Game seed: 5043887444152565651

153 tilp the Covered (level 5, 0/46 HPs)
             Began as a Meteoran Fighter on Feb 11, 2023.
             Slain by a gnoll
             ... wielding a +0 flail
              (4 damage)
             ... on level 3 of the Dungeon.
             The game lasted 00:03:34 (752 turns).

tilp the Covered (Meteoran Fighter)                  Turns: 752, Time: 00:03:34

Health: 0/46       AC:  7    Str: 17    XL:     5   Next: 93%
Magic:  6/6        EV: 20    Int:  9    God:
Gold:   106        SH:  5    Dex: 16    Spells: 4/4 levels left

rFire   . . .      SeeInvis .    a - +0 long sword
rCold   . . .      Faith    .    c - +0 buckler
rNeg    . . .      Spirit   .    o - +0 scale mail
rPois   .          Reflect  .    (no helmet)
rElec   .          Harm     .    (no cloak)
rCorr   .          Rampage  .    (no gloves)
Will    .....                    (no boots)
Stlth   +                        (no amulet)
HPRegen 0.27/turn                f - +5 ring of evasion
MPRegen 0.10/turn                n - +5 ring of evasion

@: glowing
A: sense surroundings 1, otherworldly, glowing, explore regen
a: no special abilities


You were on level 3 of the Dungeon.
You visited 1 branch of the dungeon, and saw 4 of its levels.

You collected 106 gold pieces.

Inventory:

Hand Weapons
 a - a +0 long sword (weapon)
 b - a +0 dagger of protection
Missiles
 d - 11 stones (quivered)
Armour
 c - a +0 buckler (worn)
 o - a +0 scale mail (worn)
Jewellery
 f - a +5 ring of evasion (left hand)
 n - a +5 ring of evasion (right hand)
Scrolls
 h - a scroll of teleportation
 j - a scroll of blinking
Potions
 e - 2 potions of magic
 g - a potion of degeneration {unknown}
 i - a potion of attraction {unknown}
 l - a potion of brilliance {unknown}
 m - a potion of curing {unknown}


   Skills:
 + Level 3.7 Fighting
 * Level 3.7 Long Blades
 - Level 4.0 Armour
 * Level 2.7 Dodging
 * Level 1.8 Stealth
 - Level 4.0 Shields


You had 4 spell levels left.
You didn't know any spells.
Your spell library was empty.

Dungeon Overview and Level Annotations

Branches:
Dungeon (4/15) Zot: 1596
 Temple: D:4-7

Altars:
Ashenzari
Dithmenos
Elyvilon
Makhleb
Wu Jian
Zin


Innate Abilities, Weirdness & Mutations

You passively map a small area around you.
You are easily found by Zot.
You glow in the dark.
You regain HP and MP as you explore.


Message History

* * * LOW HITPOINT WARNING * * *
The gnoll misses you.
You see here a +2 flail of holy wrath.
You slash the gnoll!
The gnoll is heavily wounded.
The gnoll hits you with a +0 spear.
* * * LOW HITPOINT WARNING * * *
You hit the gnoll but do no damage.
The gnoll is heavily wounded.
You block the gnoll's attack. The gnoll misses you.
You hit the gnoll.
The gnoll is almost dead.
The gnoll hits you but does no damage.
You barely miss the gnoll.
The gnoll is almost dead.
You block the gnoll's attack.
You hit the gnoll.
You kill the gnoll!
A gnoll comes into view. It is wielding a +0 flail.
The gnoll shouts!
Things that are here:
a +0 spear; a gnoll corpse You see here a +2 flail of holy wrath.
The gnoll hits you with a +0 flail!
* * * LOW HITPOINT WARNING * * *
You hit the gnoll.
The gnoll is moderately wounded.
The gnoll hits you with a +0 flail.
* * * LOW HITPOINT WARNING * * *
You hit the gnoll but do no damage.
The gnoll is moderately wounded.
The gnoll hits you but does no damage. The gnoll hits you with a +0 flail.
* * * LOW HITPOINT WARNING * * *
You slash the gnoll!
The gnoll is almost dead.
The gnoll misses you.
You hit the gnoll but do no damage.
The gnoll is almost dead.
The gnoll hits you with a +0 flail.
You die...

*,***#....#############
# *......#.##
############# #
*#####,#.#
#...........# # *,#.#
#.#########.# # *,#.#
#.# #####.### *,#<# #.#
##....)#.. *,#.# #.#
#......)). *,#.#####.#
#.####.### *,#...@g..#
#)##.....# *,#########
#)#...(... *,*
***######)#....... *,*
*,..........$._...
*,****,#####.#.#.......
*,,,,,,* #...#.......
******** ###.##.....#
#.####.### #..,,....,


You could see a gnoll.

Vanquished Creatures
  An orc priest (D:3)
  Terence (D:2)
  2 adders (D:2)
  3 gnolls (D:3)
  2 worms (D:2)
  2 dart slugs
  3 orcs (D:3)
  3 ball pythons
  4 bats
  3 endoplasms (D:1)
  2 giant cockroaches (D:1)
  3 goblins
  5 hobgoblins
  A quokka (D:1)
  3 frilled lizards
  3 rats
41 creatures vanquished.

Vanquished Creatures (others)
  A fungus (D:2)
1 creature vanquished.

Grand Total: 42 creatures vanquished

Notes
Turn   | Place    | Note
-------+----------+-------------------------------------------
     0 | D:1      | tilp the Meteoran Fighter began the quest for the Orb.
     0 | D:1      | Reached XP level 1. HP: 19/19 MP: 2/2
    48 | D:1      | Reached XP level 2. HP: 26/26 MP: 3/3
   123 | D:1      | Reached skill level 1 in Dodging
   156 | D:1      | Reached XP level 3. HP: 13/31 MP: 4/4
   181 | D:2      | Found a white marble altar of Elyvilon.
   211 | D:2      | Reached skill level 1 in Stealth
   215 | D:2      | Reached XP level 4. HP: 28/38 MP: 5/5
   223 | D:2      | Noticed Terence
   234 | D:2      | Killed Terence
   422 | D:2      | Reached XP level 5. HP: 45/45 MP: 6/6
   509 | D:3      | Found an ornate altar of the Wu Jian Council.
   510 | D:3      | Found a glowing silver altar of Zin.
   511 | D:3      | Found a burning altar of Makhleb.
   512 | D:3      | Found a broken altar of Ashenzari.
   651 | D:3      | Found a shadowy altar of Dithmenos.
   752 | D:3      | Slain by a gnoll

Illustrated notes

Levels and vault maps discovered:
D:1:      psy_arrival_whirlpool, layout_basic,
          hellmonk_ecumenical_altar_run_dry, roderic_roman_lattice
D:2:      layout_basic, basic_altar, nicolae_figureground_pulse,
          uniq_crazy_yiuf_cottage, uniq_terence
D:3:      layout_loops_ring, mainiacjoe_overflow_alcove_3, old_standard_altar,
          kennysheep_generic_room_2
D:4:      layout_gridville, ebering_ghost_sewer_d

Skill      XL: |  1  2  3  4  5 |
---------------+----------------+-----
Dodging        | 1 2 |  2.7
Long Blades    | 3 |  3.7
Stealth        | 1 |  1.8
Armour         | 4 |  4.0
Shields        | 4 |  4.0
Fighting       | |  3.7

Action                     |  1- 3 |  4- 6 || total
---------------------------+-------+-------++-------
  Melee: Long sword        |    64 |    98 ||   162
    Use: Potion            |       |     1 ||     1
         Scroll            |       |     4 ||     4
 Armour: Scale mail        |    44 |    24 ||    68
  Dodge: Dodged            |    22 |    50 ||    72
  Block: Buckler           |    24 |    27 ||    51

Table legend: (Time is in decaauts)
 A = Elapsed time spent in this place.
 B = Non-inter-level travel time spent in this place.
 C = Inter-level travel time spent in this place.
 D = Time resting spent in this place.
 E = Time spent auto-exploring this place.
 F = Levels seen in this place.
 G = Mean time per level.
                   A        B        C        D        E       F      G
               +--------+--------+--------+--------+--------+-----+--------+
         Total |    801 |    638 |    163 |      3 |      0 |   4 |  200.2 |
       Dungeon |    801 |    638 |    163 |      3 |      0 |   4 |  200.2 |
               +--------+--------+--------+--------+--------+-----+--------+

Top non-repeatable levels by time:
     D:3: 303 daAuts
     D:1: 284 daAuts
     D:2: 191 daAuts
     D:4: 23 daAuts
